 Dungeon Crawl Stone Soup version 0.32-a0-20-ge526923d97 (webtiles) character file.

Game seed: 11486564098811100280

53 PriceMaster the Sneak (level 3, 0/24 HPs)
             Began as a Human Enchanter on Jan 18, 2024.
             Slain by an adder (2 damage)
             ... on level 2 of the Dungeon.
             The game lasted 00:03:32 (1607 turns).

PriceMaster the Sneak (Human Enchanter)             Turns: 1607, Time: 00:03:33

Health: 0/24       AC:  2    Str: 11 (14) XL:     3   Next: 89%
Magic:  2/6        EV: 12    Int: 14 (17) God:
Gold:   153        SH:  0    Dex: 11 (13) Spells: 4/6 levels left

rFire   + . .        c - staff of fire
rCold   . . .        (no shield)
rNeg    . . .        b - +0 robe
rPois   .            (no helmet)
rElec   .            (no cloak)
rCorr   .            (no gloves)
SInv    .            (no boots)
Will    +....        (no amulet)
Stlth   ++           o - +6 ring of strength
HPRegen 0.24/turn    (no ring)
MPRegen 0.10/turn

%: no passive effects
@: mighty, lethally poisoned (0 -> -3), attractive, enlightened, flying
A: explore regen
a: no special abilities


You were on level 2 of the Dungeon.
You visited 1 branch of the dungeon, and saw 2 of its levels.

You collected 153 gold pieces.

Inventory:

Hand Weapons
 a - a +1 dagger
 i - a +0 dagger of venom
Armour
 b - a +0 robe (worn)
Magical Staves
 c - a staff of fire (weapon)
Jewellery
 o - a +6 ring of strength (left hand)
Wands
 m - a wand of roots (11)
 n - a wand of acid (11)
Scrolls
 e - a scroll of acquirement {unknown}
 g - a scroll of summoning {unknown}
 h - 2 scrolls of identify {unknown}
 q - a scroll of brand weapon {unknown}
Potions
 d - a potion of degeneration
 f - a potion of might
 j - a potion of attraction
 k - a potion of enlightenment
 l - a potion of heal wounds {unknown}
 p - a potion of curing {unknown}


   Skills:
 + Level 1.5 Short Blades
 + Level 2.2 Dodging
 * Level 4.1 Stealth
 * Level 2.2 Spellcasting
 + Level 3.2 Hexes
 + Level 0.1 Ice Magic


You had 4 spell levels left.
You knew the following spells:

 Your Spells              Type           Power      Damage    Failure   Level
a - Ensorcelled Hibernat  Hex/Ice        12%        N/A       17%         2

Your spell library contained the following spells:

 Spells                   Type           Power      Damage    Failure   Level
 Confusing Touch          Hex            10%        N/A       19%         3
 Tukima's Dance           Hex            10%        N/A       19%         3
 Freeze                   Ice            8%         1d3       22%         1
 Mercury Vapours          Alch/Air       2%         N/A       34%         2
 Dazzling Flash           Conj/Hex       12%        N/A       34%         3
 Frozen Ramparts          Ice            4%         1d1       54%         3
 Hailstorm                Conj/Ice       1%         3d5       56%         3
 Mephitic Cloud           Conj/Alch/Air  1%         N/A       56%         3
 Passage of Golubria      Tloc           1%         N/A       93%         4
 Yara's Violent Unravell  Hex/Alch       3%         3d4       97%         5
 Freezing Cloud           Conj/Ice/Air   0%         6-21      99%         5


Dungeon Overview and Level Annotations

Branches:
Dungeon (2/15)

Altars:


Innate Abilities, Weirdness & Mutations

You regain HP and MP as you explore.


Message History

Casting: Ensorcelled Hibernation (safe; 17% risk of failure)
Confirm with . or Enter, or press ? or * to list all spells.
Aiming: Ensorcelled Hibernation (safe; 17% risk of failure)
Press: ? - help, Shift-Dir - straight line, f - adder
Aim: an adder (lightly wounded, chance to affect: 49%)
The adder resists with some effort.
You feel sick. The adder barely misses you.
Unknown command.
Casting: Ensorcelled Hibernation (safe; 17% risk of failure)
Confirm with . or Enter, or press ? or * to list all spells.
Aiming: Ensorcelled Hibernation (safe; 17% risk of failure)
Press: ? - help, Shift-Dir - straight line, f/p - adder
Aim: an adder (lightly wounded, chance to affect: 49%)
The adder looks drowsy...
You feel sick.
The helpless adder fails to defend itself.
You hit the adder.
The adder is moderately wounded.
You feel sick.
You are no longer poisoned.
The adder barely misses you.
It was a potion of attraction.
You feel attractive to monsters. The adder closely misses you.
The adder misses you.
It was a potion of might.
You feel very mighty all of a sudden. The adder closely misses you.
Okay, then.
You miss the adder.
The adder is moderately wounded.
The adder bites you.
* * * LOW HITPOINT WARNING * * *
The adder bites you.
* * * LOW HITPOINT WARNING * * *
You are lethally poisoned!
The adder poisons you!
It was a potion of enlightenment.
You feel very buoyant.
You fly up into the air.
* * * LOW HITPOINT WARNING * * *
You feel sick. The adder bites you.
You die...

.###.. ..###.....
#########.#.### .........
#.............### # #......
#.########.#..... .# #......
#.# #.#..####.####..<.. ##.##
##.#..###..>####.... ##...##
###...................
##.....###..............###...#
#.......##.#..@....##.#.# #...#
#.<..........S........#.# #...#
#.......#....†.#.#.####.###...#
##.....##.###..#...............
#.....##.###.......###.###...#
#.#..#.......#...#.# #.# #...#
#.###.####.#...#.#.# #.# #...#
#.# #.# #.#...#.#.###.###....
##.###.# #.#.................#


You could see an adder.

Vanquished Creatures
  An adder (D:2)
  A dart slug (D:2)
  5 ball pythons
  5 bats
  3 endoplasms
  A giant cockroach (D:2)
  5 goblins
  5 hobgoblins
  A quokka (D:2)
  2 frilled lizards
  5 kobolds
  4 rats
38 creatures vanquished.

Notes
Turn   | Place    | Note
-------+----------+-------------------------------------------
     0 | D:1      | PriceMaster the Human Enchanter began the quest for the
                  | Orb.
     0 | D:1      | Reached XP level 1. HP: 13/13 MP: 3/3
   160 | D:1      | Reached XP level 2. HP: 19/19 MP: 5/5
   172 | D:1      | Learned a level 2 spell: Ensorcelled Hibernation
   848 | D:2      | Reached XP level 3. HP: 24/24 MP: 6/6
  1170 | D:2      | Reached skill level 4 in Stealth
  1607 | D:2      | Slain by an adder

Illustrated notes

Levels and vault maps discovered:
D:1:      amcnicky_arrival_blooded_trapdoor, layout_loops_cross
D:2:      layout_loops_ring, hangedman_decor_clover_reticule, minmay_quantized

Skill      XL: |  1  2  3 |
---------------+----------+-----
Stealth        | 4 |  4.1
Short Blades   | |  1.5
Dodging        | |  2.2
Spellcasting   | |  2.2
Hexes          | |  3.2
Ice Magic      | |  0.1

Action                     || total
---------------------------++-------
  Melee: Dagger            ||    76
         Staff             ||    52
   Cast: Ensorcelled Hiber ||     5
    Use: Potion            ||     6
   Stab: Sleeping          ||     9
 Armour: Robe              ||   105
  Dodge: Dodged            ||   133

Table legend: (Time is in decaauts)
 A = Elapsed time spent in this place.
 B = Non-inter-level travel time spent in this place.
 C = Inter-level travel time spent in this place.
 D = Time resting spent in this place.
 E = Time spent auto-exploring this place.
 F = Levels seen in this place.
 G = Mean time per level.
                   A        B        C        D        E       F      G
               +--------+--------+--------+--------+--------+-----+--------+
         Total |   1611 |   1547 |     64 |      0 |   1198 |   2 |  805.5 |
       Dungeon |   1611 |   1547 |     64 |      0 |   1198 |   2 |  805.5 |
               +--------+--------+--------+--------+--------+-----+--------+

Top non-repeatable levels by time:
     D:1: 818 daAuts
     D:2: 792 daAuts
